 Dungeon Crawl Stone Soup version 0.30.0-29-ga12c61a403 (webtiles) character file.

Game seed: 18171099817949333537

96532 Peloso the Fencer (level 15, -2/147 HPs)
             Began as a Minotaur Fighter on June 14, 2023.
             Was the Champion of Okawaru.
             Killed from afar by a spark wasp (23 damage)
             ... with a living lightning
             ... on level 1 of the Spider Nest.
             The game lasted 01:08:06 (25738 turns).

Peloso the Fencer (Minotaur Fighter)               Turns: 25738, Time: 01:08:07

Health: -2/147     AC: 29    Str: 31    XL:     15   Next: 69%
Magic:  15/15      EV: 11    Int:  5    God:    Okawaru [******]
Gold:   2857       SH: 14    Dex: 13    Spells: 14/14 levels left

rFire   + . .        a - +3 demon blade (venom)
rCold   + . .        d - +1 kite shield {AC+3}
rNeg    . . .        Z - +3 chain mail {Will+}
rPois   +            x - +1 hat of Hysteria {+Blink rC+ Will+}
rElec   .            H - +0 cloak {rPois}
rCorr   .            r - +2 pair of gloves
SInv    .            l - +1 pair of boots
Will    +++..        T - amulet of regeneration Stlth
                     i - ring of protection from fire
HPRegen 1.24/turn    M - +6 ring of strength
MPRegen 0.14/turn

%: no passive effects
@: lethally poisoned (-2 -> -3)
A: horns 2, retaliatory headbutt
a: Renounce Religion, Evoke Blink, Heroism, Finesse, Duel


You were on level 1 of the Spider Nest.
You worshipped Okawaru.
Okawaru was exalted by your worship.
You visited 6 branches of the dungeon, and saw 25 of its levels.
You also visited: Ossuary, Bailey and Volcano.

You collected 3246 gold pieces.
You spent 389 gold pieces at shops.

Inventory:

Hand Weapons
 a - a +3 demon blade of venom (weapon)
 b - a +3 scimitar of flaming
 c - a +3 scimitar of flaming
Armour
 d - a +1 kite shield of protection (worn)
 l - a +1 pair of boots (worn)
 r - a +2 pair of gloves (worn)
 x - the +1 hat of Hysteria (worn) {+Blink rC+ Will+}
   (You found it on level 2 of the Orcish Mines)

   rC:        It protects you from cold.
   +Blink:    It lets you blink.
   Will:      It increases your willpower.
 H - a +0 cloak of poison resistance (worn)
 O - the +0 chain mail of Guxailon {rElec rC+}
   (You bought it in a shop on level 2 of the Orcish Mines)

   rC:        It protects you from cold.
   rElec:     It insulates you from electricity.
 Z - a +3 chain mail of willpower (worn)
Jewellery
 g - an amulet of the acrobat
 i - a ring of protection from fire (left hand)
 m - a ring of resist corrosion
 q - an amulet of reflection
 K - a +4 ring of protection
 M - a +6 ring of strength (right hand)
 T - an amulet of regeneration (around neck)
Wands
 e - a wand of iceblast (8)
 F - a wand of flame (73)
 R - a wand of digging (1)
 S - a wand of acid (7)
 Y - a wand of paralysis (14)
Scrolls
 h - 2 scrolls of enchant armour
 j - 9 scrolls of teleportation
 k - 3 scrolls of fog
 n - 4 scrolls of amnesia
 o - 4 scrolls of noise
 u - 2 scrolls of silence
 w - 2 scrolls of blinking
 y - 5 scrolls of poison
 z - 4 scrolls of fear
 B - 3 scrolls of immolation
 E - 2 scrolls of identify
 J - 4 scrolls of enchant weapon
 L - 4 scrolls of magic mapping
 Q - 3 scrolls of brand weapon
Potions
 f - 11 potions of curing
 p - 9 potions of brilliance
 s - 9 potions of heal wounds
 t - a potion of berserk rage
 v - 7 potions of magic
 A - 3 potions of might
 C - 5 potions of invisibility
 D - 2 potions of haste
 N - 8 potions of ambrosia
 V - a potion of cancellation
 X - a potion of resistance


   Skills:
 + Level 17.4 Fighting
 + Level 18.4 Long Blades
 + Level 16.2 Armour
 + Level 6.0 Dodging
 + Level 1.8 Stealth
 + Level 15.1 Shields
 + Level 2.4 Invocations
 + Level 0.5 Evocations


You had 14 spell levels left.
You didn't know any spells.
Your spell library contained the following spells:

 Spells                   Type           Power      Damage    Failure   Level
 Magic Dart               Conj           0%         1d3       88%         1
 Necrotise                Necr           0%         1d4       88%         1
 Poisonous Vapours        Pois/Air       0%         N/A       96%         2
 Sublimation of Blood     Necr           0%         N/A       96%         2
 Wereblood                Tmut           0%         N/A       96%         2
 Dazzling Flash           Conj/Hex       0%         N/A       99%         3
 Mephitic Cloud           Conj/Pois/Air  0%         N/A       99%         3
 Portal Projectile        Hex/Tloc       0%         N/A       99%         3
 Vhi's Electric Charge    Tloc/Air       0%         N/A       99%         3
 Leda's Liquefaction      Hex/Erth       0%         N/A       100%        4
 Agony                    Necr           0%         N/A       100%        5
 Arcjolt                  Conj/Air       0%         1d10      100%        5
 Borgnjor's Vile Clutch   Necr/Erth      0%         N/A       100%        5
 Freezing Cloud           Conj/Ice/Air   0%         6-21      100%        5
 Lee's Rapid Deconstruct  Erth           0%         3d4*      100%        5
 Silence                  Hex/Air        0%         N/A       100%        5
 Statue Form              Tmut/Erth      0%         N/A       100%        6
 Maxwell's Capacitive Co  Air            0%         ∞         100%        8
 Call Imp                 Summ           Unusable   N/A       N/A         2
 Call Canine Familiar     Summ           Unusable   N/A       N/A         3
 Animate Dead             Necr           Unusable   N/A       N/A         4
 Death Channel            Necr           Unusable   N/A       N/A         6
 Simulacrum               Ice/Necr       Unusable   N/A       N/A         6
 Haunt                    Necr/Summ      Unusable   N/A       N/A         7
 Summon Hydra             Summ           Unusable   N/A       N/A         7

Dungeon Overview and Level Annotations

Branches:
Dungeon (15/15)            Temple (1/1) D:4            Lair (5/5) D:11
  Swamp (0/4) Lair:2       Spider (1/4) Lair:2        Slime (0/5) Lair:4
    Orc (2/2) D:11            Elf (1/3) Orc:2        Vaults (0/5) D:14
 Depths (0/4) D:15        Ossuary (visited)          Bailey (visited)
Volcano (visited)

Altars:
Ashenzari
Cheibriados
Dithmenos
Elyvilon
Fedhas
Gozag
Hepliaklqana
Kikubaaqudgha
Makhleb
Nemelex Xobeh
Okawaru
Qazlal
Ru
Sif Muna
Trog
Uskayaw
Vehumet
Wu Jian
Xom
Yredelemnul
Zin
The Shining One
Jiyva

Shops:
D:12 ?   D:13 *   Orc:2 [([(   Elf:1 *

Annotations:
Lair:1 Casa


Innate Abilities, Weirdness & Mutations

You have a pair of horns on your head.
You reflexively headbutt those who attack you in melee.


Message History

The emperor scorpion stings you but does no damage.
The emperor scorpion claws you but does no damage.
The emperor scorpion claws you.
You slash the emperor scorpion!
The emperor scorpion looks as sick as possible!
The emperor scorpion is heavily wounded.
You feel yourself speed up.
You feel very sick. You block the tarantella's attack.
The tarantella closely misses you.
You block the emperor scorpion's attack. x2
The emperor scorpion closely misses you.
Being near the torpor snail leaves you feeling lethargic.
You feel extremely sick. You block the tarantella's attack.
You block the emperor scorpion's attack.
The emperor scorpion claws you but does no damage. x2
Unknown command.
The spark wasp attacks as you move away!
The spark wasp stings you. The spark wasp shocks you!
The tarantella attacks as you move away!
You block the tarantella's attack.
You feel very sick. The spark wasp stings you!
* * * LOW HITPOINT WARNING * * *
The spark wasp shocks you!
* * * LOW HITPOINT WARNING * * *
The tarantella touches you but does no damage.
Unknown command.
Blink to where?
Press: ? - help, Dir - move target
As you read the scroll of blinking, it crumbles to dust.
You feel yourself speed up.
You feel very sick.
You feel sick.
You feel sick.
You feel sick.
You feel sick.
The spark wasp bursts into living lightning!
The living lightning hits you!!
You die...

########.^..#
###.#.##.#..#####
#####......#.†.....^#
#..###.^.....†?.....#
#....###....###...#.#
####...^##.....#####
# #...†...#.....##
##...#...#..####
#...###..#@.(#
#####........###
##.#.......##
#####..^..^#
##.....y.##^#
#....##...^#.#
###...##..##.#
#....#..## #
####....#


You could see a spark wasp.

Vanquished Creatures
  Jorgrun (D:12)
  Rupert (D:12)
  An orc warlord (Orc:1)
  A deep elf annihilator (Orc:2)
  The ghost of Murgh the Cleaver, a journeyman MiBe of Trog (Lair:4)
  A deep elf death mage (Elf:1)
  Josephine (Orc:1)
  5 hydras
  2 ice dragons (D:15)
  An ogre mage (D:14)
  4 centaur warriors
  5 catoblepae (Lair:5)
  Erica (D:8)
  3 dancing weapons
  2 tengu warriors (D:15)
  6 boulder beetles
  8 two-headed ogres
  9 death yaks (Lair:5)
  4 deep elf knights
  3 skysharks
  Nergalle (D:11)
  2 skeletal warriors (Volcano)
  3 deep elf archers (Elf:1)
  An anaconda skeleton (Volcano)
  7 deep elf pyromancers
  7 deep elf zephyrmancers
  2 necromancers (Elf:1)
  2 orc knights
  Pikel (D:4)
  3 manticores
  3 wolf spiders
  7 cyclopes
  4 orc sorcerers
  Maurice (D:10)
  2 black mambas (Lair:4)
  14 cane toads
  4 gargoyles
  Maggie (D:10)
  2 efreet
  3 komodo dragons
  A yaktaur (D:15)
  A kobold demonologist (D:10)
  7 meliai
  4 trolls
  A queen bee (D:14)
  4 hornets
  2 tarantellas (Spider:1)
  A harpy skeleton (Volcano)
  5 blink frogs (Lair:3)
  3 flying skulls (Volcano)
  4 slime creatures (D:12)
  An air elemental (Orc:2)
  Sigmund (D:3)
  2 vampires
  A culicivora (Spider:1)
  2 jumping spiders (Spider:1)
  7 wraiths
  42 yaks
  3 wyverns
  An alligator skeleton (Volcano)
  A shadow (D:13)
  A water elemental (Elf:1)
  3 basilisks
  3 fire elementals
  4 large abominations (Elf:1)
  2 steam dragons
  3 redbacks (Spider:1)
  11 vampire mosquitoes
  4 wargs
  4 acid dragons
  A swamp worm (Lair:2)
  15 water moccasins
  A swamp drake (Orc:2)
  4 ogres
  35 orc warriors
  17 centaurs
  15 wolves
  3 phantoms
  3 lemures (D:4)
  11 kobold brigands
  6 elf zombies (Elf:1)
  2 gnoll sergeants
  3 bullfrogs
  A scorpion (D:5)
  An earth elemental (Elf:1)
  13 wights
  34 killer bees
  A spriggan skeleton (Volcano)
  7 howler monkeys
  4 vampire bats
  A crimson imp (Orc:2)
  A gnoll bouda (D:8)
  2 hounds (D:5)
  3 jellies (Lair:4)
  4 human zombies (Ossuary)
  18 orc priests
  An iron imp (Orc:2)
  7 iguanas
  20 orc wizards
  4 sleepcaps
  A naga skeleton (Volcano)
  A hound zombie (Ossuary)
  5 mummies
  Robin (D:2)
  11 gnolls
  16 adders
  A shadow imp (Orc:2)
  5 white imps
  An ufetubus (D:3)
  An adder zombie (Ossuary)
  5 worms
  2 dart slugs (D:4)
  91 orcs
  4 bat skeletons (D:4)
  3 bat zombies (D:4)
  4 endoplasms
  2 giant cockroaches (D:3)
  A gnoll zombie (Ossuary)
  20 goblins
  9 hobgoblins
  7 jackals
  4 quokkas
  7 ball pythons
  9 bats
  2 frilled lizards (D:2)
  2 hobgoblin zombies
  A jackal zombie (Ossuary)
  24 kobolds
  2 kobold zombies
  3 rats
  2 rat zombies (Ossuary)
744 creatures vanquished.

Vanquished Creatures (others)
  A deep elf pyromancer (Elf:1)
  3 orc wizards
4 creatures vanquished.

Grand Total: 748 creatures vanquished

Notes
Turn   | Place    | Note
-------+----------+-------------------------------------------
     0 | D:1      | Peloso the Minotaur Fighter began the quest for the Orb.
     0 | D:1      | Reached XP level 1. HP: 19/19 MP: 0/0
   264 | D:1      | Reached XP level 2. HP: 22/27 MP: 1/1
   856 | D:2      | Reached skill level 3 in Long Blades
   923 | D:2      | Reached XP level 3. HP: 29/33 MP: 2/2
  1934 | D:3      | Reached XP level 4. HP: 38/40 MP: 3/3
  2030 | D:3      | Reached skill level 4 in Long Blades
  2042 | D:3      | Noticed Sigmund
  2044 | D:3      | Noticed Robin
  2193 | D:2      | Killed Robin
  2318 | D:4      | Reached skill level 1 in Dodging
  2318 | D:4      | Reached XP level 5. HP: 46/46 MP: 4/4
  2348 | D:4      | Reached skill level 5 in Armour
  2381 | D:4      | Found a staircase to the Ecumenical Temple.
  2392 | Temple   | Entered the Ecumenical Temple
  2619 | Temple   | Became a worshipper of Warmaster Okawaru
  2837 | D:4      | Noticed a phantom
  2857 | D:4      | Killed a phantom
  2858 | D:4      | Reached skill level 5 in Long Blades
  2858 | D:4      | Reached XP level 6. HP: 52/52 MP: 5/5
  2910 | D:4      | Noticed Pikel
  3015 | D:4      | Killed Pikel
  3015 | D:4      | Reached * piety under Okawaru
  3016 | D:4      | Reached skill level 6 in Long Blades
  3016 | D:4      | Reached XP level 7. HP: 28/60 MP: 6/6
  3171 | D:4      | Found an ancient bone altar of Kikubaaqudgha.
  3175 | D:4      | Reached ** piety under Okawaru
  3176 | D:4      | Reached skill level 7 in Long Blades
  3177 | D:4      | Reached skill level 5 in Fighting
  3415 | D:3      | Killed Sigmund
  3508 | D:3      | Found a shimmering altar of Xom.
  3508 | D:3      | Found an opulent altar of Gozag.
  3510 | D:3      | Found a broken altar of Ashenzari.
  3616 | D:5      | Entered Level 5 of the Dungeon
  3625 | D:5      | Reached XP level 8. HP: 69/69 MP: 7/7
  3821 | D:5      | Reached skill level 8 in Long Blades
  4510 | D:6      | Reached *** piety under Okawaru
  4528 | D:6      | Reached skill level 9 in Long Blades
  4539 | D:6      | Reached skill level 5 in Shields
  4817 | D:6      | Found a burning altar of Makhleb.
  4973 | D:7      | Found a sand-covered staircase.
  5030 | Ossuary  | Entered an ossuary
  5425 | D:7      | Reached XP level 9. HP: 71/78 MP: 8/8
  5664 | D:7      | Reached skill level 10 in Long Blades
  5723 | D:7      | Reached **** piety under Okawaru
  6229 | D:7      | Reached skill level 11 in Long Blades
  6492 | D:8      | Noticed Erica
  6517 | D:8      | Killed Erica
  6735 | D:8      | Reached ***** piety under Okawaru
  6954 | D:8      | Received a gift from Okawaru
  6955 | D:8      | Reached XP level 10. HP: 71/88 MP: 9/9
  7068 | D:8      | Reached skill level 12 in Long Blades
  7434 | D:9      | Noticed a two-headed ogre
  7442 | D:8      | Killed a two-headed ogre
  7443 | D:8      | Reached skill level 13 in Long Blades
  7536 | D:9      | Found a bloodstained altar of Trog.
  7648 | D:9      | Reached skill level 10 in Armour
  8119 | D:10     | Entered Level 10 of the Dungeon
  8138 | D:10     | Found a flagged portal.
  8159 | Bailey   | Entered a bailey
  8420 | Bailey   | Received a gift from Okawaru
  8434 | Bailey   | Found an iron altar of Okawaru.
  8585 | D:10     | Noticed Maurice
  8613 | D:10     | Reached XP level 11. HP: 97/97 MP: 7/10
  8624 | D:10     | Killed Maurice
  8836 | D:10     | Reached skill level 14 in Long Blades
  8928 | D:10     | Noticed Maggie
  8939 | D:10     | Killed Maggie
  9013 | D:10     | Found a sparkling altar of Nemelex Xobeh.
  9262 | D:10     | Reached skill level 1 in Invocations
  9644 | D:11     | Noticed a two-headed ogre
  9661 | D:11     | Killed a two-headed ogre
  9667 | D:11     | Found a staircase to the Orcish Mines.
  9676 | D:11     | Noticed a boulder beetle
  9701 | D:11     | Killed a boulder beetle
  9702 | D:11     | Reached skill level 10 in Fighting
  9945 | D:11     | Received a gift from Okawaru
 10051 | D:11     | Identified the +0 leather armour of Vehumet, Telling {rF+}
 10304 | D:11     | Found a staircase to the Lair.
 10534 | Lair:1   | Entered Level 1 of the Lair of Beasts
 10698 | Lair:1   | Reached skill level 15 in Long Blades
 10774 | Lair:1   | Noticed a wolf spider
 10783 | Lair:1   | Killed a wolf spider
 10795 | Lair:1   | Noticed a wolf spider
 10811 | Lair:1   | Killed a wolf spider
 10812 | Lair:1   | Reached skill level 10 in Shields
 11026 | Lair:1   | Reached skill level 1 in Stealth
 11092 | Lair:1   | Noticed a skyshark
 11105 | Lair:1   | Killed a skyshark
 11106 | Lair:1   | Reached XP level 12. HP: 108/108 MP: 9/12
 11285 | Lair:1   | Noticed a boulder beetle
 11297 | Lair:1   | Killed a boulder beetle
 11352 | Lair:1   | Reached ****** piety under Okawaru
 11872 | Lair:2   | Found a hole to the Spider Nest.
 11945 | Lair:2   | Noticed a four-headed hydra
 11953 | Lair:2   | Killed a one-headed hydra
 11954 | Lair:2   | Noticed an eight-headed hydra
 11964 | Lair:2   | Killed a five-headed hydra
 11964 | Lair:2   | Received a gift from Okawaru
 12057 | Lair:2   | Found a staircase to the Swamp.
 12866 | Lair:2   | Found a shimmering blue altar of Sif Muna.
 14001 | Lair:4   | Reached skill level 16 in Long Blades
 14122 | Lair:4   | Found a runed translucent door.
 14123 | Lair:4   | Noticed Murgh's ghost (journeyman MiBe)
 14324 | Lair:4   | Reached XP level 13. HP: 119/119 MP: 13/13
 14408 | Lair:4   | Found a staircase to the Slime Pits.
 14409 | Lair:4   | Found a viscous altar of Jiyva.
 15082 | D:12     | Noticed Rupert
 15094 | D:12     | Killed Rupert
 15094 | D:12     | Received a gift from Okawaru
 15199 | D:12     | Noticed Jorgrun
 15219 | D:12     | Killed Jorgrun
 15302 | D:12     | Found Datysear's Magic Scroll Emporium.
 15322 | D:12     | Bought a scroll of magic mapping for 105 gold pieces
 15322 | D:12     | Bought a scroll of identify for 28 gold pieces
 15809 | Orc:1    | Entered Level 1 of the Orcish Mines
 15858 | Orc:1    | Noticed Josephine
 15876 | Orc:1    | Killed Josephine
 15987 | Orc:1    | Found a burning altar of Makhleb.
 15991 | Orc:1    | Noticed Nergalle
 16091 | D:11     | Killed Nergalle
 16375 | Orc:2    | Entered Level 2 of the Orcish Mines
 16658 | Orc:2    | Received a gift from Okawaru
 16683 | Orc:2    | Found a staircase to the Elven Halls.
 16793 | Orc:2    | Found Halyung's Antique Weapon Shop.
 17147 | Orc:2    | Identified the +1 hat of Hysteria {+Blink rC+ Will+}
 17283 | Orc:2    | Noticed an orc warlord
 17468 | Orc:1    | Killed an orc warlord
 17672 | Orc:2    | Reached skill level 17 in Long Blades
 17683 | Orc:2    | Reached XP level 14. HP: 133/133 MP: 14/14
 17746 | Orc:2    | Found Oxofyone's Antique Armour Boutique.
 17748 | Orc:2    | Found Muosh's Antique Weapon Shop.
 17886 | Orc:2    | Found Quonuenn's Antique Armour Emporium.
 17909 | Orc:2    | Bought a polished chain mail for 256 gold pieces
 17909 | Orc:2    | Identified the +0 chain mail of Guxailon {rElec rC+} (You
                  | bought it in a shop on level 2 of the Orcish Mines)
 18370 | D:13     | Found Nupilene's Assorted Antiques.
 18730 | D:13     | Identified the +2 shortbow "Dimashoh" {drain, rPois Will+
                  | Str-3} (Okawaru gifted it to you on level 13 of the
                  | Dungeon)
 18730 | D:13     | Received a gift from Okawaru
 18772 | D:13     | Reached skill level 5 in Dodging
 19007 | Lair:5   | Entered Level 5 of the Lair of Beasts
 19057 | Lair:5   | Found a dark tunnel.
 19063 | Volcano  | Entered a volcano
 19626 | Lair:5   | Reached skill level 15 in Fighting
 19761 | Lair:5   | Reached skill level 15 in Armour
 20289 | Lair:5   | Received a gift from Okawaru
 21323 | Lair:1   | You fall into a shaft and drop 1 floor!
 21625 | Lair:4   | Killed Murgh's ghost
 21625 | Lair:4   | Received a gift from Okawaru
 22244 | D:14     | Found a gate to the Vaults.
 22263 | D:14     | Reached XP level 15. HP: 143/144 MP: 15/15
 22999 | D:15     | Entered Level 15 of the Dungeon
 23276 | D:15     | Found a staircase to the Depths.
 23379 | D:15     | Reached skill level 18 in Long Blades
 23879 | D:15     | Found a stormy altar of Qazlal.
 23998 | D:15     | Found a glowing silver altar of Zin.
 24154 | Elf:1    | Entered Level 1 of the Elven Halls
 24341 | Orc:2    | Paralysed by an air elemental for 1 turns
 24350 | Orc:2    | Paralysed by an air elemental for 1 turns
 24480 | Elf:1    | Identified the +1 demon blade "Noower" {vamp, Fly Str-3
                  | Dex+2} (Okawaru gifted it to you on level 1 of the Elven
                  | Halls)
 24480 | Elf:1    | Received a gift from Okawaru
 24986 | Elf:1    | Reached skill level 15 in Shields
 25019 | Elf:1    | Got the Book of Lamentation
 25256 | Elf:1    | Found Serghil's General Store.
 25634 | Spider:1 | Entered Level 1 of the Spider Nest
 25721 | Spider:1 | Noticed an emperor scorpion
 25738 | Spider:1 | Killed from afar by a spark wasp

Illustrated notes

Levels and vault maps discovered:
D:1:      saegor_arrival_simple_a, layout_basic
D:2:      layout_loops_cross, st_stairs_14, minmay_tetromino_s4
D:3:      layout_rooms, nicolae_overflow_hidden_temple, uniq_sigmund, uniq_robin
D:4:      layout_cave_pools, kennysheep_vampire_church,
          minmay_temple_entry_junction, kennysheep_cross_room, uniq_pikel
D:5:      layout_loops_ring
D:6:      layout_rooms, mainiacjoe_overflow_alcove_4, minivault_4,
          nicolae_elevator_lobby_asterisk
D:7:      layout_gridville, nicolae_ossuary_entry_giza,
          grunt_decor_mini_mirrors, nrook_campfire
D:8:      layout_loops_ring, uniq_erica
D:9:      layout_roguey, trog_three_pillars_becter, grunt_ministairs_10,
          minmay_between
D:10:     layout_stronghold, mainiacjoe_overflow_cross_hatched, enter_bailey_5,
          uniq_maurice, uniq_maggie
D:11:     layout_loops_corners, lair_entry_dummy, david_orc_3
D:12:     layout_long_grid, serial_shops, shop, uniq_rupert, uniq_jorgrun
D:13:     layout_roguey, serial_shops, kennysheep_mini_moat
D:14:     layout_roguey [special_room_bee], david_vaults_2, roderic_lattice_a
D:15:     grunt_enter_depths_hoard, layout_basic,
          nicolae_qazlal_general_emergency, zin_statuary
Temple:   regret_index_temple_generic_petals
Lair:1:   minmay_lair_venomous_thicket, layout_cave_shapes, roderic_batcave
Lair:2:   layout_small_grid, palyth_hydra_swamp_entry,
          hellmonk_spider_entry_not_the_bees, basic_altar
Lair:3:   layout_roguey, lemuel_fruit_fields
Lair:4:   layout_big_grid, nicolae_slime_entry_slimehenge,
          ebering_ghost_reflecting_pool, grunt_megastairs_2,
          infiniplex_staircase_pool_2
Lair:5:   evilmike_catoblepas_cave, layout_long_grid,
          nicolae_volcano_entry_two_sided, minmay_stone_trees_medium,
          minmay_hedge_maze, chequers_serial_rivers_small_a, st_stairs_7,
          lemuel_fruit_fields
Spider:1: layout_spider_delve, hellmonk_ghost_happy_afterlife, drop_trap
Orc:1:    layout_caves, bloody_makhleb, uniq_josephine, uniq_nergalle
Orc:2:    grunt_orc_community_town_hall, layout_diamond_mine,
          grunt_orc_community_big_house_2, grunt_orc_community_big_house_2,
          grunt_orc_community_house_1, grunt_orc_community_house_1,
          grunt_orc_community_house_1, grunt_orc_community_house_2,
          grunt_orc_community_house_2, grunt_orc_community_house_2, basic_altar,
          hangedman_minor_magic
Elf:1:    minmay_elf_arrival_summoners, layout_loops_cross, serial_shops,
          nicolae_diamond_shop, minmay_elf_necromancy

Skill      XL: |  1  2  3  4  5  6  7  8  9 10 11 12 13 14 15 |
---------------+----------------------------------------------+-----
Armour         | 4 5 6 7 8 9 10 11 12 14 15 16 | 16.2
Long Blades    | 3 4 5 6 7 9 11 13 15 16 17 18 | 18.4
Shields        | 4 5 6 8 10 11 12 14 15 | 15.1
Fighting       | 4 5 6 8 9 10 12 14 16 17 | 17.4
Dodging        | 1 2 3 4 5 6 |  6.0
Invocations    | 1 2 |  2.4
Stealth        | 1 |  1.8
Evocations     | |  0.5

Action                     |  1- 3 |  4- 6 |  7- 9 | 10-12 | 13-15 || total
---------------------------+-------+-------+-------+-------+-------++-------
  Melee: Long sword        |   111 |   115 |   373 |       |       ||   599
         Headbutt          |    19 |    19 |    73 |   146 |   397 ||   654
         Scimitar          |       |       |    34 |   172 |   185 ||   391
         Demon blade       |       |       |       |   520 |  1247 ||  1767
 Invoke: Heroism           |       |       |     1 |     7 |    16 ||    24
  Evoke: Wand              |       |       |       |       |     4 ||     4
    Use: Scroll            |     4 |     2 |     3 |    11 |    12 ||    32
         Potion            |     4 |       |     1 |       |     4 ||     9
 Armour: Scale mail        |    60 |    30 |       |       |       ||    90
         Plate armour      |       |    43 |   274 |   344 |    39 ||   700
         Chain mail        |       |       |       |       |   665 ||   665
  Dodge: Dodged            |    55 |    39 |   123 |   200 |   552 ||   969
  Block: Buckler           |    25 |    22 |   116 |   341 |   377 ||   881
         Reflection        |       |       |     1 |    26 |       ||    27
         Kite shield       |       |       |       |       |   151 ||   151
